 Dungeon Crawl Stone Soup version 0.23.2-1-ga50397a6bc (webtiles) character file.

Game seed: 15472348989574248086

1656 Kobolds4U the Cleaver (level 8, -2/73 HPs)
             Began as a Minotaur Berserker on Apr 28, 2019.
             Was a Believer of Trog.
             Slain by a killer bee (5 damage)
             ... on level 6 of the Dungeon.
             The game lasted 00:14:25 (5929 turns).

Kobolds4U the Cleaver (Minotaur Berserker)          Turns: 5929, Time: 00:14:26

Health: -2/73      AC: 12    Str: 21    XL:     8   Next: 68%
Magic:  7/7        EV:  7    Int:  4    God:    Trog [**....]
Gold:   105        SH:  0    Dex: 13    Spells: 7/7 levels left

rFire    . . .     SeeInvis .   x - +0 broad axe
rCold    . . .     Gourm    .   (no shield)
rNeg     . . .     Faith    +   n - +0 plate armour
rPois    .         Spirit   .   (helmet restricted)
rElec    .         Reflect  .   (no cloak)
rCorr    .         Harm     .   (no gloves)
MR       ++...     Rnd*Tele +   (no boots)
Stlth    ..........             y - amulet of faith
HPRegen  1.22/turn              f - ring of teleportation (curse)
MPRegen  0.10/turn              (no ring)

@: regenerating
A: retaliatory headbutt, horns 2
a: Berserk, Trog's Hand, Renounce Religion


You were on level 6 of the Dungeon.
You worshipped Trog.
Trog was pleased with you.
You were not hungry.

You visited 2 branches of the dungeon, and saw 8 of its levels.

You collected 275 gold pieces.
You spent 170 gold pieces at shops.

Inventory:

Hand Weapons
 m - a +0 morningstar
 x - a +0 broad axe (weapon)
 A - a +0 whip of electrocution
Armour
 n - a +0 plate armour (worn)
Jewellery
 f - a cursed ring of teleportation (left hand)
 y - an amulet of faith (around neck)
Wands
 a - a wand of paralysis (8)
Scrolls
 d - 2 scrolls of teleportation
 e - a scroll of enchant armour {unknown}
 h - a scroll of random uselessness {unknown}
 j - a scroll of amnesia {unknown}
 k - a scroll of enchant weapon {unknown}
 o - 2 scrolls of immolation {unknown}
 p - a scroll of blinking {unknown}
 r - a scroll of fog {unknown}
 s - 3 scrolls of remove curse
 v - a scroll of magic mapping {unknown}
Potions
 b - a potion of berserk rage {unknown}
 g - a potion of heal wounds
 i - 3 potions of lignification
 l - 2 potions of flight
 q - 2 potions of might
 t - a potion of agility {unknown}
 z - a potion of mutation
Comestibles
 c - 4 rations
 u - a chunk of flesh


   Skills:
 + Level 7.5 Fighting
 + Level 10.4 Axes
 + Level 6.3 Armour
 - Level 2.1 Dodging


You had 7 spell levels left.
You didn't know any spells.
Your spell library was empty.

Dungeon Overview and Level Annotations

Branches:
Dungeon (7/15)             Temple (1/1) D:6

Altars:
Ashenzari
Cheibriados
Dithmenos
Elyvilon
Gozag
Hepliaklqana
Kikubaaqudgha
Makhleb
Nemelex Xobeh
Okawaru
Qazlal
Ru
Sif Muna
Trog
Vehumet
Xom
Yredelemnul
Zin
The Shining One

Shops:
D:5 *   D:6 *!

Annotations:
D:4 Dowan, Duvessa


Innate Abilities, Weirdness & Mutations

You reflexively headbutt those who attack you in melee.
You have a pair of horns on your head.


Message History

The killer bee stings you but does no damage. x2
You climb upwards.
* * * LOW HITPOINT WARNING * * *
You feel very sick.
There is a stone staircase leading down here.
You feel better. The killer bee stings you!
* * * LOW HITPOINT WARNING * * *
The killer bee closely misses you.
The killer bee stings you but does no damage.
The killer bee barely misses you.
Your skin crawls.
You feel resistant to hostile enchantments.
You feel somewhat more hungry.
The killer bee stings you but does no damage.
The killer bee completely misses you.
The killer bee stings you but does no damage.
The killer bee stings you.
* * * LOW HITPOINT WARNING * * *
The killer bee stings you.
You die...

.#.....#...............#...##
#...#...#.................##
.).###...................#######
..#.#.#................#.......#
....#...............####.......#
....#..#............# #.......#
......#....###......## #..[....#
##..........##[......###.......#
##..##.###...[y@...)..........#
###....##.....y.##.#..#########
##..>............#.##....########
........##.......##.#..#(.......#
............).)..#.##.###(......#
#########....<........###..(..).#
###8## #..[...)........##.......#
.8...8##..........####..........#
......##.....)#...## ####.......#


You could see 2 killer bees.

Vanquished Creatures
  Sigmund (D:3)
  An ice beast (D:6)
  2 orc warriors
  2 ogres (D:6)
  A necrophage (D:6)
  3 centaurs (D:6)
  2 bullfrogs (D:6)
  2 scorpions
  A crimson imp (D:6)
  A quasit (D:5)
  A jelly (D:5)
  3 orc priests (D:6)
  2 orc wizards
  An iguana (D:7)
  Terence (D:2)
  A worker ant (D:4)
  Natasha (thrice) (D:3)
  2 hound skeletons
  A gnoll (D:4)
  3 adders
  A shadow imp (D:5)
  A worm (D:2)
  2 leopard geckos
  7 orcs
  A ball python (D:3)
  5 bats
  A giant cockroach (D:1)
  6 goblins
  3 hobgoblins (D:1)
  3 jackals (D:2)
  4 kobolds
  A quokka (D:4)
  3 frilled lizards
  A jackal skeleton (D:6)
  6 rats
79 creatures vanquished.

Notes
Turn   | Place    | Note
-------+----------+-------------------------------------------
     0 | D:1      | Kobolds4U the Minotaur Berserker began the quest for the
                  | Orb.
     0 | D:1      | Reached XP level 1. HP: 19/19 MP: 0/0
     2 | D:1      | Noticed a demigod
     2 | D:1      | Noticed a dwarf
     4 | D:1      | Noticed a centaur
     6 | D:1      | Noticed a vampire
     8 | D:1      | Noticed a gargoyle
    10 | D:1      | Noticed a halfling
    10 | D:1      | Noticed an octopode
    12 | D:1      | Noticed a human
    12 | D:1      | Noticed a draconian
    14 | D:1      | Noticed a demonspawn
    14 | D:1      | Noticed an elf
    16 | D:1      | Noticed a troll
    18 | D:1      | Noticed a formicid
    18 | D:1      | Noticed a minotaur
    20 | D:1      | Noticed a vine stalker
    20 | D:1      | Noticed a merfolk
    22 | D:1      | Noticed a naga
    22 | D:1      | Noticed a felid
    24 | D:1      | Noticed a spriggan
    24 | D:1      | Noticed an ogre
    26 | D:1      | Noticed a tengu
    26 | D:1      | Noticed a ghoul
    39 | D:1      | Reached skill level 4 in Axes
   298 | D:1      | Reached XP level 2. HP: 26/26 MP: 1/1
   838 | D:2      | Reached ** piety under Trog
   998 | D:2      | Reached skill level 5 in Axes
  1040 | D:2      | Reached XP level 3. HP: 31/31 MP: 2/2
  1095 | D:2      | Noticed Terence
  1113 | D:2      | Killed Terence
  1113 | D:2      | Reached XP level 4. HP: 26/39 MP: 3/3
  1339 | D:2      | Reached skill level 6 in Axes
  1350 | D:2      | Found an ancient bone altar of Kikubaaqudgha.
  1620 | D:2      | Found an opulent altar of Gozag.
  1787 | D:3      | Noticed Natasha
  1793 | D:3      | Killed Natasha
  2161 | D:3      | Noticed Sigmund
  2173 | D:3      | HP: 1/58 [something (8)]
  2179 | D:3      | Killed Sigmund
  2179 | D:3      | Reached skill level 8 in Axes
  2179 | D:3      | Reached XP level 5. HP: 6/45 MP: 4/4
  2567 | D:3      | Noticed Natasha
  2572 | D:3      | Killed Natasha
  2572 | D:3      | Reached XP level 6. HP: 43/51 MP: 5/5
  2595 | D:3      | Noticed Natasha
  2605 | D:3      | Killed Natasha
  2757 | D:3      | Found a stormy altar of Qazlal.
  2829 | D:4      | Noticed Dowan
  2829 | D:4      | Noticed Duvessa
  2976 | D:4      | Found a shadowy altar of Dithmenos.
  3104 | D:5      | Entered Level 5 of the Dungeon
  3467 | D:5      | Found Guzo's Assorted Antiques.
  3727 | D:5      | Found a hazy altar of Hepliaklqana.
  4000 | D:6      | Noticed an orc warrior
  4010 | D:6      | Reached skill level 9 in Axes
  4010 | D:6      | Reached XP level 7. HP: 55/60 MP: 6/6
  4014 | D:6      | Reached skill level 5 in Fighting
  4025 | D:5      | HP: 3/61 [orc warrior/+0 long sword (11)]
  4027 | D:5      | HP: 1/61 [orc warrior/+0 long sword (5)]
  4688 | D:6      | Found a staircase to the Ecumenical Temple.
  4693 | Temple   | Entered the Ecumenical Temple
  5080 | D:6      | Reached XP level 8. HP: 52/71 MP: 7/7
  5175 | D:6      | Found Fiummad's Distillery.
  5181 | D:6      | Bought a potion of heal wounds for 50 gold pieces
  5181 | D:6      | Bought a potion of degeneration for 10 gold pieces
  5181 | D:6      | Bought a potion of flight for 30 gold pieces
  5181 | D:6      | Bought a potion of mutation for 80 gold pieces
  5209 | D:6      | Reached skill level 5 in Armour
  5477 | D:6      | Found a snail-covered altar of Cheibriados.
  5504 | D:6      | Reached skill level 10 in Axes
  5658 | D:6      | Found Xulixkoomo's Lightly-Used Armoury.
  5691 | D:6      | Found a burning altar of Makhleb.
  5928 | D:6      | HP: 2/73 [killer bee (3)]
  5929 | D:6      | Slain by a killer bee

Skill      XL: |  1  2  3  4  5  6  7  8 |
---------------+-------------------------+-----
Axes           | 4 5 8 9 10 | 10.4
Fighting       | 4 6 7 |  7.5
Armour         | 3 4 6 |  6.3
Dodging        | |  2.1

Action                   |  1- 3 |  4- 6 |  7- 9 || total
-------------------------+-------+-------+-------++-------
Melee: Hand axe          |    72 |     6 |       ||    78
       Headbutt          |     8 |    16 |    19 ||    43
       Morningstar       |       |    57 |       ||    57
       Broad axe         |       |    23 |    80 ||   103
Invok: Trog's Hand       |     1 |     1 |     5 ||     7
       Berserk           |       |     1 |     2 ||     3
  Use: Scroll            |       |       |     4 ||     4
       Potion            |       |       |     1 ||     1
  Eat: Chunk             |     1 |     9 |     7 ||    17
       Ration            |       |       |     1 ||     1
Armor: Animal skin       |    14 |     2 |       ||    16
       Scale mail        |       |    18 |       ||    18
       Ring mail         |       |     1 |       ||     1
       Chain mail        |       |    39 |    37 ||    76
       Plate armour      |       |       |    12 ||    12
Dodge: Dodged            |    41 |    66 |    48 ||   155
